 Dungeon Crawl Stone Soup version 0.31-a0-366-ga77b45bd9b (webtiles) character file.

Game seed: 16353279505080673995

16 AdnanSaban the Covered (level 2, 0/19 HPs)
             Began as a Gargoyle Fighter on July 28, 2023.
             Slain by a cerulean imp
             ... wielding a +1 spear
             ... summoned by Natasha
              (5 damage)
             ... on level 2 of the Dungeon.
             The game lasted 00:00:36 (584 turns).

AdnanSaban the Covered (Gargoyle Fighter)            Turns: 584, Time: 00:00:37

Health: 0/19       AC: 10    Str: 19    XL:     2   Next: 54%
Magic:  2/2        EV:  9    Int:  8    God:
Gold:   25         SH:  4    Dex:  9    Spells: 1/1 levels left

rFire   . . .        a - +0 flail
rCold   . . .        c - +0 buckler
rNeg    + . .        b - +0 scale mail
rPois   ∞            f - +0 helmet
rElec   +            (no cloak)
rCorr   .            (no gloves)
SInv    .            (no boots)
Will    .....        (no amulet) Stlth
                     (no ring)
HPRegen 0.23/turn    (no ring)
MPRegen 0.08/turn

%: no passive effects
@: slowed, very slow
A: sickness immunity, AC +2, negative energy resistance 1, electricity
resistance, torment resistance 1, petrification resistance
a: no special abilities


You were on level 2 of the Dungeon.
You visited 1 branch of the dungeon, and saw 2 of its levels.

You collected 25 gold pieces.

Inventory:

Hand Weapons
 a - a +0 flail (weapon)
Armour
 b - a +0 scale mail (worn)
 c - a +0 buckler (worn)
 f - a +0 helmet (worn)
Scrolls
 e - 3 scrolls of identify {unknown}
 g - a scroll of enchant armour {unknown}
 i - 2 scrolls of teleportation {unknown}
Potions
 d - a potion of might
 h - 2 potions of curing {unknown}
 j - a potion of mutation {unknown}


   Skills:
 + Level 3.6 Fighting
 + Level 2.1 Maces & Flails
 + Level 3.6 Armour
 + Level 3.5 Shields


You had one spell level left.
You didn't know any spells.
Your spell library was empty.

Dungeon Overview and Level Annotations

Branches:
Dungeon (2/15)

Altars:

Shops:
D:1 *

Annotations:
D:2 Natasha


Innate Abilities, Weirdness & Mutations

You are immune to sickness and miasma.
Your stone body is resilient. (AC +2)
You are immune to poison.
You resist negative energy. (rN+)
You are resistant to electric shocks. (rElec)
You are resistant to unholy torment.
You are immune to petrification.


Message History

You see here a scroll labelled FEZY RUTAIPP.
The cerulean imp closely misses you.
Natasha mumbles some strange words.
The cerulean imp hits you with a +1 spear.
You closely miss the cerulean imp. You block the cerulean imp's attack.
You block Natasha's attack.
The cerulean imp hits you but does no damage.
You closely miss Natasha.
The cerulean imp hits you but does no damage.
You block Natasha's attack.
The cerulean imp hits you but does no damage. x2
You hit Natasha.
Natasha is moderately wounded.
Natasha mumbles some strange words.
Natasha shimmers violently.
Natasha barely misses you. The cerulean imp closely misses you.
The cerulean imp hits you with a +1 spear.
Natasha closely misses you.
The cerulean imp hits you from afar with a +1 spear.
You sock Natasha!
Natasha is almost dead.
The cerulean imp hits you but does no damage.
Natasha casts a spell at you.
You feel yourself slow down.
The cerulean imp hits you from afar with a +1 spear.
You barely miss Natasha.
Natasha is almost dead.
You block the cerulean imp's attack. You block Natasha's attack.
The cerulean imp hits you but does no damage. x2
Natasha casts a spell at you. The magic dart hits you.
* * * LOW HITPOINT WARNING * * *
The cerulean imp closely misses you.
You barely miss Natasha.
Natasha is almost dead.
The cerulean imp hits you but does no damage.
Natasha claws you but does no damage. The cerulean imp closely misses you.
The cerulean imp misses you. Natasha closely misses you.
The cerulean imp hits you from afar with a +1 spear.
You die...

......#.........#
#.....#.........##
......'.(........#
.....##†.........#
.....##..........#
.#.#.............#
.#.#............?#
.#.#.............#
.#.#.......?....@#
.#.#...........h5#
.....5..#
........#
........#
........#
........#
........#


You could see Natasha and 2 cerulean imps.

Vanquished Creatures
  2 ball pythons (D:1)
  2 endoplasms (D:1)
  3 giant cockroaches
  2 goblins (D:1)
  A hobgoblin (D:2)
  A bat (D:2)
  A frilled lizard (D:1)
  2 rats
14 creatures vanquished.

Notes
Turn   | Place    | Note
-------+----------+-------------------------------------------
     0 | D:1      | AdnanSaban the Gargoyle Fighter began the quest for the
                  | Orb.
     0 | D:1      | Reached XP level 1. HP: 14/14 MP: 1/1
    26 | D:1      | Found a faded altar of an unknown god.
   174 | D:1      | Reached XP level 2. HP: 19/19 MP: 2/2
   254 | D:1      | Found Apnopexo's Assorted Antiques.
   575 | D:2      | Noticed Natasha
   584 | D:2      | Slain by a cerulean imp

Illustrated notes

Levels and vault maps discovered:
D:1:      nzn_arrival_depleted_hourglass, layout_rooms,
          ebering_ecumenical_altar_box, serial_shops, shop
D:2:      minmay_inner_zag, layout_basic, uniq_natasha

Action                     || total
---------------------------++-------
  Melee: Flail             ||    33
 Armour: Scale mail        ||    15
  Dodge: Dodged            ||    16
  Block: Buckler           ||     7

Table legend: (Time is in decaauts)
 A = Elapsed time spent in this place.
 B = Non-inter-level travel time spent in this place.
 C = Inter-level travel time spent in this place.
 D = Time resting spent in this place.
 E = Time spent auto-exploring this place.
 F = Levels seen in this place.
 G = Mean time per level.
                   A        B        C        D        E       F      G
               +--------+--------+--------+--------+--------+-----+--------+
         Total |    595 |    579 |     16 |      0 |    458 |   2 |  297.5 |
       Dungeon |    595 |    579 |     16 |      0 |    458 |   2 |  297.5 |
               +--------+--------+--------+--------+--------+-----+--------+

Top non-repeatable levels by time:
     D:1: 469 daAuts
     D:2: 125 daAuts
